 Dungeon Crawl Stone Soup version 0.30-b1-2-g02819fbbbe (webtiles) character file.

Game seed: 17134843753635980162

358 Chingon the Chopper (level 6, 0/51 HPs)
             Began as a Minotaur Fighter on May 19, 2023.
             Was an Initiate of the Shining One.
             Slain by a black bear (8 damage)
             ... on level 5 of the Dungeon.
             The game lasted 00:03:20 (3601 turns).

Chingon the Chopper (Minotaur Fighter)              Turns: 3601, Time: 00:03:20

Health: 0/51       AC:  4    Str: 23    XL:     6   Next: 37%
Magic:  15/15      EV:  9    Int:  5    God:    the Shining One [......]
Gold:   253        SH:  4    Dex:  9    Spells: 5/5 levels left

rFire   . . .        a - +0 war axe
rCold   . . .        c - +0 buckler
rNeg    . . .        b - +0 scale mail
rPois   .            (helmet restricted)
rElec   .            o - +0 cloak
rCorr   .            (no gloves)
SInv    .            (no boots)
Will    .....        (no amulet) Stlth
                     s - ring of magical power
HPRegen 0.28/turn    (no ring)
MPRegen 0.14/turn

%: no passive effects
@: corroded, glowing
A: horns 2, retaliatory headbutt
a: Renounce Religion


You were on level 5 of the Dungeon.
You worshipped the Shining One.
The Shining One was noncommittal.
You visited 1 branch of the dungeon, and saw 5 of its levels.

You collected 253 gold pieces.

Inventory:

Hand Weapons
 a - a +0 war axe (weapon)
Armour
 b - a +0 scale mail (worn)
 c - a +0 buckler (worn)
 o - a +0 cloak (worn)
Jewellery
 s - a ring of magical power (left hand)
Scrolls
 e - 3 scrolls of enchant weapon {unknown}
 f - 10 scrolls of identify {unknown}
 g - 4 scrolls of blinking {unknown}
 h - 3 scrolls of immolation {unknown}
 i - a scroll of torment {unknown}
 j - a scroll of teleportation {unknown}
 m - a scroll of fog {unknown}
 p - 2 scrolls of enchant armour {unknown}
Potions
 d - 2 potions of might
 k - 4 potions of magic {unknown}
 l - a potion of mutation {unknown}
 n - a potion of heal wounds {unknown}
 q - a potion of flight {unknown}
 r - a potion of cancellation {unknown}
 t - a potion of brilliance {unknown}
 u - a potion of resistance {unknown}
 v - a potion of invisibility {unknown}


   Skills:
 - Level 3.6 Fighting
 + Level 7.6 Axes
 - Level 3.6 Armour
 - Level 3.6 Shields
 + Level 2.3 Invocations


You had 5 spell levels left.
You didn't know any spells.
Your spell library contained the following spells:

 Spells                   Type           Power      Damage    Failure   Level
 Sublimation of Blood     Necr           0%         N/A       94%         2
 Wereblood                Tmut           0%         N/A       94%         2
 Frozen Ramparts          Ice            0%         1d1       99%         3
 Vhi's Electric Charge    Tloc/Air       0%         N/A       99%         3
 Animate Armour           Summ/Erth      0%         N/A       100%        4
 Ice Form                 Ice/Tmut       0%         N/A       100%        4
 Summon Ice Beast         Ice/Summ       0%         N/A       100%        4
 Arcjolt                  Conj/Air       0%         1d10      100%        5
 Blade Hands              Tmut           0%         N/A       100%        5
 Iron Shot                Conj/Erth      0%         9d1       100%        6
 Plasma Beam              Fire/Air       0%         2x1d11    100%        6
 Summon Hydra             Summ           0%         N/A       100%        7


Dungeon Overview and Level Annotations

Branches:
Dungeon (5/15)
 Temple: D:4-7

Altars:
Nemelex Xobeh
The Shining One


Innate Abilities, Weirdness & Mutations

You have a pair of horns on your head.
You reflexively headbutt those who attack you in melee.


Message History

You are no longer corroded.
k - 4 brown potions (gained 1)
f - 10 scrolls labelled ZUSCHE HEEGYS (gained 1)
Found a pair of gloves.
Found a spear.
A jelly comes into view.
The jelly quivers.
The jelly moves out of view.
A black bear comes into view.
The black bear growls angrily.
The jelly hits you. The acid corrodes you!
You are splashed with acid.
You hit the jelly.
Your hands burn!
You headbutt the jelly.
The jelly is heavily wounded.
You hit the black bear. The black bear bites you!
The black bear closely misses you. You block the black bear's attack.
The jelly hits you.
You are splashed with acid!
You are too injured to fight recklessly!
You are too injured to fight recklessly!
You hit the black bear.
The black bear is lightly wounded.
You slash the jelly!
Your hands burn!
A hound comes into view.
The jelly hits you but does no damage. The black bear bites you.
* * * LOW HITPOINT WARNING * * *
The black bear claws you but does no damage.
The black bear closely misses you.
The hound barks!
You hit the black bear but do no damage.
The black bear is lightly wounded.
You hit the jelly.
You kill the jelly!
The black bear bites you.
* * * LOW HITPOINT WARNING * * *
The black bear claws you.
* * * LOW HITPOINT WARNING * * *
The black bear closely misses you.
You hit the black bear. You headbutt the black bear.
The black bear is heavily wounded.
The black bear bites you!
You die...

## #.# #.# ## #.### #.#
##..# ###.###.#.##
#....#.....########
#....[............#
#...).@....######.#####
##.#..h##.## #......#
......#### #..###.#
#.#h#.... #...##.# ..
##...... #.#.##.# #.
#....... #.#.##.# #
......... #......#
#........ ##.#.####
....##..#.#


You could see a black bear and a hound.

Vanquished Creatures
  A phantom (D:4)
  A hound (D:3)
  2 jellies (D:5)
  Crazy Yiuf (D:2)
  4 adders
  An ufetubus (D:4)
  3 worms
  3 dart slugs
  13 orcs
  8 ball pythons
  10 bats
  3 endoplasms
  2 giant cockroaches (D:1)
  6 goblins
  12 hobgoblins
  2 jackals (D:2)
  4 kobolds
  6 quokkas
  2 frilled lizards (D:1)
  6 rats
90 creatures vanquished.

Vanquished Creatures (others)
  11 plants (D:1)
11 creatures vanquished.

Grand Total: 101 creatures vanquished

Notes
Turn   | Place    | Note
-------+----------+-------------------------------------------
     0 | D:1      | Chingon the Minotaur Fighter began the quest for the Orb.
     0 | D:1      | Reached XP level 1. HP: 19/19 MP: 0/0
    42 | D:1      | Reached skill level 3 in Axes
    94 | D:1      | Reached XP level 2. HP: 26/26 MP: 1/1
   315 | D:1      | Reached skill level 4 in Axes
   373 | D:1      | Reached XP level 3. HP: 30/31 MP: 2/2
  1198 | D:2      | Found a runed translucent door.
  1199 | D:2      | Noticed Crazy Yiuf
  1248 | D:2      | Reached skill level 5 in Axes
  1477 | D:2      | Reached XP level 4. HP: 39/39 MP: 3/3
  1698 | D:2      | Killed Crazy Yiuf
  1699 | D:2      | Reached skill level 6 in Axes
  2063 | D:3      | Reached XP level 5. HP: 25/45 MP: 4/4
  2478 | D:3      | Found a glowing golden altar of the Shining One.
  2727 | D:3      | Found a sparkling altar of Nemelex Xobeh.
  2810 | D:3      | Became a worshipper of the Shining One
  2889 | D:4      | Noticed a phantom
  2896 | D:4      | Killed a phantom
  2897 | D:4      | Reached skill level 7 in Axes
  2897 | D:4      | Reached skill level 1 in Invocations
  2932 | D:4      | Reached XP level 6. HP: 51/51 MP: 6/6
  3463 | D:5      | Entered Level 5 of the Dungeon
  3601 | D:5      | Slain by a black bear

Illustrated notes

Levels and vault maps discovered:
D:1:      shiori_arrival_maze, layout_loops_ring, corexii_leaking_fountain,
          chequers_big_river, st_stairs_13, grunt_decor_clamped,
          serial_bayou_lake_a
D:2:      layout_loops_cross, uniq_crazy_yiuf_cottage
D:3:      layout_basic, mainiacjoe_overflow_alcove_4, marbit_many_paths
D:4:      layout_loops_ring
D:5:      layout_loops_cross, hangedman_decor_push,
          chequers_serial_rivers_micro_c

Skill      XL: |  1  2  3  4  5  6 |
---------------+-------------------+-----
Axes           | 3 4 5 6 7 |  7.6
Invocations    | 1 2 |  2.3
Fighting       | |  3.6
Armour         | |  3.6
Shields        | |  3.6

Action                     |  1- 3 |  4- 6 || total
---------------------------+-------+-------++-------
  Melee: War axe           |    77 |    89 ||   166
         Headbutt          |     6 |     9 ||    15
 Armour: Scale mail        |    39 |    45 ||    84
  Dodge: Dodged            |    39 |    40 ||    79
  Block: Buckler           |    10 |    17 ||    27
